Kradschützen Motorcycle Team
Selects Armored Support Battlegroup
Construct Light Support Kompanie
Selects Superior Fire Drills
Construct Mechanized Kompanie
Marder III Tank Destroyer
Marder III Tank Destroyer
Selects Stuka Anti-tank Loiter
Selects Flammpanzer III Medium Tank Sd.Kfz. 141
Selects Battlefield Salvage
Marder III Tank Destroyer
254 Reconnaissance Tractor